 Dungeon Crawl Stone Soup version 0.31-a0-221-gbddc013574 (webtiles) character file.

Game seed: 13962971742831222065

55111 pokeman the Eclecticist (level 14, -9/78 HPs)
             Began as a Deep Elf Hedge Wizard on July 4, 2023.
             Was a High Priest of Vehumet.
             Killed from afar by a guardian serpent (24 damage)
             ... with a bolt of poison
             ... on level 5 of the Lair of Beasts.
             The game lasted 00:49:22 (22731 turns).

pokeman the Eclecticist (Deep Elf Hedge Wizard)    Turns: 22731, Time: 00:49:23

Health: -9/78      AC: 14    Str:  7    XL:     14   Next: 37%
Magic:  28/49      EV: 13    Int: 31    God:    Vehumet [*****.]
Gold:   936        SH:  0    Dex: 14    Spells: 27/53 levels left

rFire   . . .        r - +2 dagger (drain)
rCold   . . .        (no shield)
rNeg    . . .        B - +0 steam dragon scales
rPois   .            b - +1 helmet
rElec   .            p - +0 cloak
rCorr   .            l - +0 pair of gloves
SInv    .            x - +2 pair of boots
Will    +....        z - amulet of regeneration
Stlth   ++           M - +6 ring of intelligence
HPRegen 1.13/turn    n - ring of magical power
MPRegen 0.31/turn

%: no passive effects
@: lethally poisoned (-9 -> -19)
A: no striking features
a: Renounce Religion


You were on level 5 of the Lair of Beasts.
You worshipped Vehumet.
Vehumet was extremely pleased with you.
You visited 3 branches of the dungeon, and saw 18 of its levels.

You collected 936 gold pieces.

Inventory:

Hand Weapons
 r - a +2 dagger of draining (weapon)
Missiles
 q - 3 throwing nets
 O - 3 curare-tipped darts
Armour
 b - a +1 helmet (worn)
 f - the +1 robe "Otamein" {rElec Slay+3 Stlth+}
   (You found it on level 2 of the Lair of Beasts)

   Slay:      It affects your accuracy & damage with ranged weapons and melee
   (+3).
   rElec:     It insulates you from electricity.
   Stlth:     It makes you more stealthy.
 l - a +0 pair of gloves (worn)
 o - a scarf of repulsion
 p - a +0 cloak (worn)
 x - a +2 pair of boots (worn)
 B - +0 steam dragon scales (worn)
 R - a +2 robe of cold resistance
Magical Staves
 P - a staff of cold
Jewellery
 i - an amulet of guardian spirit
 n - a ring of magical power (right hand)
 z - an amulet of regeneration (around neck)
 L - a ring of see invisible
 M - a +6 ring of intelligence (left hand)
Wands
 v - a wand of roots (16)
 W - a wand of quicksilver (6)
Scrolls
 a - a scroll of enchant weapon
 c - a scroll of revelation
 j - a scroll of fog
 u - a scroll of amnesia
 E - 4 scrolls of teleportation
 F - 5 scrolls of poison
 G - 4 scrolls of immolation {unknown}
 I - 2 scrolls of blinking {unknown}
 N - 2 scrolls of noise {unknown}
 S - a scroll of butterflies {unknown}
 U - 2 scrolls of fear {unknown}
Potions
 d - 2 potions of magic
 e - 7 potions of heal wounds
 g - a potion of mutation {unknown}
 h - a potion of degeneration {unknown}
 k - 4 potions of curing
 m - a potion of resistance {unknown}
Miscellaneous
 s - a phial of floods
 t - a lightning rod (4/4)
 y - a piece from Xom's chessboard (15/15)
 T - a phantom mirror


   Skills:
 + Level 5.6 Fighting
 - Level 5.0 Armour
 - Level 3.0 Dodging
 - Level 3.0 Stealth
 - Level 5.0 Shields
 * Level 20.0 Spellcasting
 + Level 12.1 Conjurations
 - Level 1.1 Summonings
 - Level 1.1 Translocations
 + Level 8.1 Fire Magic
 - Level 1.0 Ice Magic
 - Level 1.0 Air Magic
 + Level 11.6 Earth Magic
 - Level 1.0 Poison Magic
 - Level 1.2 Evocations


You had 27 spell levels left.
You knew the following spells:

 Your Spells              Type           Power      Damage    Failure   Level
a - Magic Dart            Conj           100%       1d8       0%          1
b - Mephitic Cloud        Conj/Pois/Air  57%        N/A       1%          3
c - Call Imp              Summ           74%        N/A       1%          2
d - Blink                 Tloc           74%        N/A       1%          2
e - Foxfire               Conj/Fire      100%       2x1d9     0%          1
f - Stone Arrow           Conj/Erth      100%       3d13      1%          3
g - Freezing Cloud        Conj/Ice/Air   28%        6-21      1%          5
h - Swiftness             Air            37%        N/A       2%          3
i - Starburst             Conj/Fire      38%        6d11      1%          6

Your spell library contained the following spells:

 Spells                   Type           Power      Damage    Failure   Level
 Sandblast                Erth           100%       2d20      0%          1
 Freeze                   Ice            100%       1d10      1%          1
 Shock                    Conj/Air       100%       1d9       1%          1
 Slow                     Hex            100%       N/A       1%          1
 Sting                    Tmut/Pois      100%       1d8       1%          1
 Summon Small Mammal      Summ           100%       N/A       1%          1
 Cigotuvi's Dreadful Rot  Necr/Pois/Air  70%        N/A       1%          2
 Lesser Beckoning         Tloc           74%        N/A       1%          2
 Momentum Strike          Conj/Tloc      100%       3d10      1%          2
 Passwall                 Tmut/Erth      50%        N/A       1%          2
 Poisonous Vapours        Pois/Air       74%        N/A       1%          2
 Frozen Ramparts          Ice            74%        1d12      1%          3
 Hailstorm                Conj/Ice       64%        3d14      1%          3
 Inner Flame              Hex/Fire       54%        N/A       1%          3
 Flame Wave               Conj/Fire      76%        2d17      1%          4
 Leda's Liquefaction      Hex/Erth       30%        N/A       1%          4
 Sticky Flame             Conj/Fire      76%        2d9       1%          4
 Call Canine Familiar     Summ           37%        N/A       2%          3
 Portal Projectile        Hex/Tloc       68%        N/A       2%          3
 Summon Guardian Golem    Hex/Summ       34%        N/A       2%          3
 Airstrike                Air            18%        2d(3-19)  2%          4
 Olgreb's Toxic Radiance  Pois           37%        N/A       2%          4
 Confusing Touch          Hex            31%        N/A       3%          3
 Vampiric Draining        Necr           31%        2d8       3%          3
 Borgnjor's Vile Clutch   Necr/Erth      30%        N/A       3%          5
 Alistair's Intoxication  Tmut/Pois      22%        N/A       26%         5
 Eringya's Noxious Bog    Tmut/Pois      17%        N/A       34%         6
 Enfeeble                 Hex            15%        N/A       100%        7


Dungeon Overview and Level Annotations

Branches:
Dungeon (12/15)            Temple (1/1) D:6            Lair (5/5) D:9
  Swamp (0/4) Lair:2       Spider (0/4) Lair:3        Slime (0/5) Lair:4
    Orc (0/2) D:11

Altars:
Ashenzari
Cheibriados
Dithmenos
Elyvilon
Fedhas
Gozag
Hepliaklqana
Kikubaaqudgha
Makhleb
Nemelex Xobeh
Okawaru
Qazlal
Ru
Sif Muna
Trog
Uskayaw
Vehumet
Wu Jian
Xom
Yredelemnul
Zin
The Shining One
Jiyva

Annotations:
D:3 2 transporters, lunkers's ghost, amateur MeWn
D:10 3 runed translucent doors, promet's ghost, novice OpBr
D:12 Azrael
Lair:1 2 runed translucent doors, Leavold's ghost, journeyman DEHu


Message History

The blink frog is engulfed in freezing vapours.
The blink frog seems to slow down.
The blink frog is engulfed in freezing vapours.
The blink frog seems to slow down.
You kill the blink frog!
Vehumet accepts your kill.
Unknown command.
Casting: Stone Arrow (safe; 1% risk of failure)
Confirm with . or Enter, or press ? or * to list all spells.
Aiming: Stone Arrow (safe; 1% risk of failure)
Press: ? - help, Shift-Dir - straight line, f/p - komodo dragon
Aim: a komodo dragon (almost dead, 84% to hit)
The stone arrow hits the komodo dragon!!
You kill the komodo dragon!
Vehumet accepts your kill.
The guardian serpent casts a spell at you.
The bolt of poison hits you!!
You are poisoned.
* * * LOW HITPOINT WARNING * * *
The blink frog is engulfed in freezing vapours.
The blink frog seems to slow down.
You kill the blink frog!
Vehumet accepts your kill.
Unknown command.
Press: ? - help, v - describe, . - travel
Here: a guardian serpent The floor.
Unknown command.
Casting: Stone Arrow (safe; 1% risk of failure)
Confirm with . or Enter, or press ? or * to list all spells.
Aiming: Stone Arrow (safe; 1% risk of failure)
Press: ? - help, Shift-Dir - straight line, f - guardian serpent
Aim: a guardian serpent (66% to hit)
The stone arrow hits the guardian serpent!!
The guardian serpent is severely wounded.
You feel very sick.
The guardian serpent casts a spell at you.
The bolt of poison hits you!!
You are more poisoned.
You die...

##.....†...................
##.................P.......
###...............
##.#.......†......
#.#..........§S°.
####...(.....§○§§...
#.....#...#.#§§#§°..
#........##.§§§☼....
##.......#.†@#....#
##...#..##..# ...#
###...####.. ..# #...P.##
#... ## ##.....# ....#
##....# ##... ###..## ..##
#....# ### ##..##


You could see a guardian serpent.

Vanquished Creatures
  Kirke (Lair:4)
  Nessos (Lair:4)
  Fannar (D:11)
  6 hydras
  4 two-headed ogres
  A boulder beetle (Lair:4)
  3 death yaks
  2 catoblepae (Lair:5)
  Amaemon (Lair:1)
  A wizard (D:10)
  A wolf spider (Lair:5)
  6 elephants
  Joseph (Lair:1)
  5 black mambas
  3 torpor snails
  An orange demon (Lair:1)
  12 cane toads
  Psyche (D:11)
  7 rime drakes
  A kobold demonologist (D:7)
  16 komodo dragons
  4 trolls
  2 hornets (Lair:5)
  A polar bear (Lair:5)
  A tyrant leech (Lair:2)
  11 blink frogs
  5 jumping spiders (Lair:3)
  5 slime creatures (D:12)
  2 shadows
  A culicivora (Lair:3)
  17 wyverns
  43 yaks
  A wraith (D:10)
  10 basilisks
  4 steam dragons
  2 hogs (Lair:4)
  3 redbacks
  5 vampire mosquitoes
  2 swamp worms (Lair:2)
  25 water moccasins
  An acid dragon (D:11)
  An ice beast (shapeshifter) (D:8)
  4 ice beasts
  2 black bears
  An orc warrior (D:9)
  4 sky beasts
  2 ogres
  9 wolves
  5 centaurs
  2 kobold brigands
  14 bullfrogs
  A gnoll sergeant (D:8)
  7 scorpions
  4 wights (D:9)
  17 killer bees
  2 electric eels
  2 howler monkeys
  4 hounds
  3 iron imps (D:9)
  3 orc priests
  A gnoll bouda (D:7)
  7 jellies
  9 iguanas
  A sleepcap (D:5)
  15 orc wizards
  5 hell rats (Lair:4)
  4 gnolls (D:7)
  15 adders
  3 shadow imps
  2 white imps
  An ufetubus (D:7)
  3 worms
  4 dart slugs
  42 orcs
  4 bats
  6 endoplasms
  5 giant cockroaches
  11 goblins
  4 hobgoblins
  2 quokkas
  7 ball pythons
  3 frilled lizards (D:1)
  15 kobolds
  3 rats
479 creatures vanquished.

Vanquished Creatures (collateral kills)
  5 foxfires
5 creatures vanquished.

Vanquished Creatures (others)
  A human (Lair:4)
  An electric eel (D:9)
  260 foxfires
262 creatures vanquished.

Grand Total: 746 creatures vanquished

Notes
Turn   | Place    | Note
-------+----------+-------------------------------------------
     0 | D:1      | pokeman the Deep Elf Hedge Wizard began the quest for the
                  | Orb.
     0 | D:1      | Reached XP level 1. HP: 10/10 MP: 7/7
   380 | D:1      | Reached XP level 2. HP: 15/15 MP: 6/9
  1332 | D:2      | Reached skill level 5 in Spellcasting
  1397 | D:2      | Reached XP level 3. HP: 18/20 MP: 11/11
  1402 | D:2      | Learned a level 3 spell: Mephitic Cloud
  1405 | D:2      | Learned a level 2 spell: Call Imp
  1408 | D:2      | Learned a level 2 spell: Blink
  1588 | D:2      | Reached skill level 1 in Armour
  1708 | D:2      | Reached skill level 1 in Fighting
  2349 | D:3      | Found a bloodstained altar of Trog.
  2363 | D:3      | Found a shimmering altar of Xom.
  2367 | D:3      | Reached XP level 4. HP: 25/25 MP: 13/13
  2393 | D:3      | Reached skill level 6 in Spellcasting
  2526 | D:3      | Reached XP level 5. HP: 29/29 MP: 12/15
  2990 | D:3      | Found a transporter.
  2994 | D:3      | Noticed lunkers's ghost (amateur MeWn)
  3123 | D:3      | Found a transporter.
  3506 | D:4      | Reached skill level 1 in Poison Magic
  3604 | D:4      | Found a basalt altar of Yredelemnul.
  3606 | D:4      | Noticed a profane servitor
  3629 | D:4      | Found a glowing golden altar of the Shining One.
  3719 | D:4      | Learned a level 3 spell: Stone Arrow
  3740 | D:4      | Found an opulent altar of Gozag.
  3741 | D:4      | Found a sparkling altar of Nemelex Xobeh.
  3807 | D:4      | Reached skill level 1 in Air Magic
  3934 | D:4      | Noticed an ice beast
  3942 | D:4      | Killed an ice beast
  3943 | D:4      | Reached skill level 7 in Spellcasting
  3943 | D:4      | Reached skill level 1 in Earth Magic
  3943 | D:4      | Reached XP level 6. HP: 25/34 MP: 7/18
  4189 | D:4      | Found a hazy altar of Hepliaklqana.
  4306 | D:4      | Noticed an angel
  4340 | D:5      | Entered Level 5 of the Dungeon
  4361 | D:5      | Reached skill level 1 in Evocations
  4524 | D:5      | Reached XP level 7. HP: 14/39 MP: 13/20
  4874 | D:5      | Reached skill level 8 in Spellcasting
  5005 | D:5      | Found a sacrificial altar of Ru.
  5269 | D:5      | Reached XP level 8. HP: 44/44 MP: 9/22
  6071 | D:6      | Reached skill level 9 in Spellcasting
  6398 | D:6      | Found a staircase to the Ecumenical Temple.
  6408 | Temple   | Entered the Ecumenical Temple
  6667 | D:6      | Reached skill level 5 in Conjurations
  6784 | D:6      | Reached skill level 10 in Spellcasting
  6942 | D:6      | Found a shimmering altar of Xom.
  7618 | D:7      | Reached XP level 9. HP: 48/48 MP: 25/25
  7794 | D:7      | Reached skill level 5 in Earth Magic
  7876 | D:7      | Found a snail-covered altar of Cheibriados.
  8220 | D:7      | Reached skill level 11 in Spellcasting
  8310 | D:7      | Noticed a kobold demonologist
  8317 | D:7      | Killed a kobold demonologist
  8703 | D:8      | Reached skill level 12 in Spellcasting
  8996 | D:8      | Found an ancient bone altar of Kikubaaqudgha.
  9280 | D:8      | Reached XP level 10. HP: 33/56 MP: 20/28
  9563 | D:8      | Noticed a red ugly thing
  9578 | D:8      | Identified the +6 war axe of Makhleb's Wrath {heavy, Str+3}
 10152 | D:9      | Reached skill level 13 in Spellcasting
 10444 | D:9      | Found a staircase to the Lair.
 10548 | D:9      | Found a burning altar of Makhleb.
 10710 | D:9      | Found a shimmering altar of Xom.
 11023 | D:9      | Reached skill level 14 in Spellcasting
 11164 | D:9      | Reached skill level 1 in Shields
 11164 | D:9      | Found an iron altar of Okawaru.
 11465 | D:10     | Entered Level 10 of the Dungeon
 11699 | D:10     | Reached XP level 11. HP: 61/61 MP: 25/31
 11812 | D:10     | Found a radiant altar of Vehumet.
 11831 | D:10     | Became a worshipper of Vehumet
 12000 | D:10     | Reached skill level 1 in Ice Magic
 12072 | D:10     | Noticed a wizard
 12082 | D:10     | Killed a wizard
 12158 | D:10     | Found a runed translucent gate.
 12158 | D:10     | Found a runed translucent gate.
 12160 | D:10     | Found a runed translucent gate.
 12163 | D:10     | Noticed promet's ghost (novice OpBr)
 12293 | D:10     | Noticed a two-headed ogre
 12293 | D:10     | Noticed a two-headed ogre
 12299 | D:10     | Killed a two-headed ogre
 12300 | D:10     | Killed a two-headed ogre
 12422 | D:11     | Reached skill level 15 in Spellcasting
 12489 | D:11     | Found a staircase to the Orcish Mines.
 12709 | D:11     | Noticed Psyche
 12711 | D:11     | Noticed a two-headed ogre
 12716 | D:11     | Killed Psyche
 12716 | D:11     | Reached * piety under Vehumet
 12716 | D:11     | Offered knowledge of Foxfire by Vehumet.
 12719 | D:11     | Killed a two-headed ogre
 12722 | D:11     | Learned a level 1 spell: Foxfire
 12725 | D:11     | Noticed Fannar
 12731 | D:11     | Noticed a two-headed ogre
 13125 | D:11     | Killed Fannar
 13126 | D:11     | Reached skill level 1 in Fire Magic
 13263 | D:11     | Killed a two-headed ogre
 13823 | D:12     | Reached skill level 16 in Spellcasting
 13889 | D:12     | Noticed Azrael
 13996 | Lair:1   | Entered Level 1 of the Lair of Beasts
 14136 | Lair:1   | Noticed Joseph
 14143 | Lair:1   | Killed Joseph
 14144 | Lair:1   | Reached XP level 12. HP: 66/66 MP: 24/34
 14515 | Lair:1   | Offered knowledge of Searing Ray by Vehumet.
 14516 | Lair:1   | Reached ** piety under Vehumet
 14995 | Lair:1   | Noticed Amaemon
 15014 | Lair:1   | Reached skill level 10 in Conjurations
 15028 | Lair:1   | Killed Amaemon
 15418 | Lair:1   | Found a large runed translucent door.
 15419 | Lair:1   | Found a large runed translucent door.
 15422 | Lair:1   | Noticed Leavold's ghost (journeyman DEHu)
 16169 | Lair:2   | Reached skill level 17 in Spellcasting
 16403 | Lair:2   | Noticed an eight-headed hydra
 16405 | Lair:2   | Noticed a six-headed hydra
 16420 | Lair:2   | Killed an eight-headed hydra
 16513 | Lair:2   | Killed a six-headed hydra
 16567 | Lair:2   | Found a staircase to the Swamp.
 16680 | Lair:2   | Reached skill level 5 in Fire Magic
 16691 | Lair:2   | Reached skill level 5 in Shields
 16691 | Lair:2   | Reached skill level 10 in Earth Magic
 17022 | Lair:2   | Offered knowledge of Scorch by Vehumet.
 17155 | Lair:2   | Identified the +1 robe "Otamein" {rElec Slay+3 Stlth+}
 17224 | Lair:2   | Noticed a death yak
 17234 | Lair:2   | Noticed a death yak
 17241 | Lair:2   | Noticed a death yak
 17245 | Lair:2   | Killed a death yak
 17270 | Lair:2   | Killed a death yak
 17390 | Lair:2   | Reached XP level 13. HP: 70/70 MP: 36/36
 17458 | Lair:2   | Learned a level 3 spell: Swiftness
 17724 | Lair:3   | Reached skill level 18 in Spellcasting
 17726 | Lair:3   | Reached *** piety under Vehumet
 18267 | Lair:3   | Offered knowledge of Iskenderun's Mystic Blast by Vehumet.
 18635 | Lair:3   | Found a hole to the Spider Nest.
 18978 | Lair:3   | Got the Grimoire of Arctic Glamour
 18985 | Lair:3   | Learned a level 5 spell: Freezing Cloud
 19271 | Lair:3   | Reached skill level 5 in Armour
 19386 | Lair:4   | Noticed Nessos
 19424 | Lair:4   | Killed Nessos
 19800 | Lair:4   | HP: 3/69 [rime drake/icy flash freeze (5)]
 19908 | Lair:4   | Reached **** piety under Vehumet
 20109 | Lair:4   | Reached skill level 19 in Spellcasting
 20229 | Lair:4   | Offered knowledge of Ignite Poison by Vehumet.
 20561 | Lair:4   | Noticed Kirke
 20786 | Lair:4   | Killed Kirke
 20943 | Lair:4   | Found a viscous altar of Jiyva.
 21028 | Lair:4   | Found a staircase to the Slime Pits.
 21411 | Lair:5   | Entered Level 5 of the Lair of Beasts
 21471 | Lair:5   | Reached skill level 5 in Fighting
 21555 | Lair:5   | Reached XP level 14. HP: 78/78 MP: 39/39
 22361 | Lair:5   | Reached ***** piety under Vehumet
 22470 | Lair:5   | Offered knowledge of Starburst by Vehumet.
 22478 | Lair:5   | Learned a level 6 spell: Starburst
 22619 | Lair:5   | Reached skill level 20 in Spellcasting
 22731 | Lair:5   | Killed from afar by a guardian serpent

Illustrated notes

Levels and vault maps discovered:
D:1:      psy_arrival_dodecagon, layout_basic, corner_web_ring,
          minmay_tetromino_s2
D:2:      layout_loops_ring
D:3:      layout_basic, mainiacjoe_overflow_surrounded_room,
          mainiacjoe_overflow_cross_hatched, gammafunk_ghost_mausoleum
D:4:      layout_cave_pools, grunt_temple_overflow_opulence,
          mainiacjoe_overflow_alcove_4, grunt_temple_overflow_holy_war
D:5:      layout_loops_ring, nicolae_ru_sacrificial_ziggurat,
          hellmonk_bongcloud_opening, st_stairs_4, nrook_loot_triangle,
          kennysheep_nondescript, nicolae_half_adder
D:6:      layout_loops_corners, minmay_temple_entry_slanted,
          minmay_ruined_shrine
D:7:      layout_gridville, kennysheep_slug_shrine
D:8:      layout_cave_pools, mainiacjoe_overflow_boulevard, nicolae_doodle_vault
D:9:      layout_rooms, okawaru_gym_becter, demons_altar, erik_lair_dragon,
          kennysheep_diamond, grunt_decor_cap
D:10:     layout_rooms, mainiacjoe_overflow_catwalk, ebering_ghost_rock_garden
D:11:     layout_basic, minmay_orc_entry_temple_small, uniq_psyche, uniq_fannar
D:12:     layout_basic, uniq_urug, uniq_azrael
Temple:   jpeg_temple_island
Lair:1:   layout_roguey, ebering_ghost_disaster_area, serial_bayou_shore_a,
          uniq_joseph, uniq_amaemon
Lair:2:   layout_chaotic_city, palyth_hydra_swamp_entry
Lair:3:   beast_lair_carwin_large_3, layout_regular_city,
          nicolae_spider_entry_tight_spaces, kennysheep_catoblepas_arena,
          grunt_megastairs_2
Lair:4:   layout_concentric_octagons, nicolae_slime_entry_field_trip,
          special_room [special_room_mythical_zoo], serial_bayou_pond_b,
          lookout_lair_type, uniq_nessos, uniq_kirke
Lair:5:   hangedman_lair_tendril_chambers, layout_misc_corridors

Skill      XL: |  1  2  3  4  5  6  7  8  9 10 11 12 13 14 |
---------------+-------------------------------------------+-----
Spellcasting   | 5 6 7 8 10 12 14 16 17 19 20 | 20.0
Armour         | 1 3 4 5 |  5.0
Fighting       | 1 2 3 4 5 |  5.6
Conjurations   | 2 3 4 5 7 8 9 10 11 12 | 12.1
Stealth        | 3 |  3.0
Dodging        | 3 |  3.0
Poison Magic   | 1 |  1.0
Air Magic      | 1 |  1.0
Earth Magic    | 1 3 4 6 7 9 10 11 | 11.6
Evocations     | 1 |  1.2
Shields        | 1 3 5 |  5.0
Ice Magic      | 1 |  1.0
Fire Magic     | 3 5 7 8 |  8.1
Summonings     | |  1.1
Translocations | |  1.1

Action                     |  1- 3 |  4- 6 |  7- 9 | 10-12 | 13-15 || total
---------------------------+-------+-------+-------+-------+-------++-------
  Melee: Dagger            |       |    37 |     9 |    66 |    21 ||   133
         Punch             |       |       |       |     2 |     3 ||     5
   Cast: Magic Dart        |   114 |   139 |    93 |    26 |     3 ||   375
         Mephitic Cloud    |       |     4 |     8 |    40 |    40 ||    92
         Stone Arrow       |       |     8 |   102 |   290 |   320 ||   720
         Call Imp          |       |     1 |       |     1 |       ||     2
         Blink             |       |       |     1 |     5 |     4 ||    10
         Foxfire           |       |       |       |   107 |    50 ||   157
         Freezing Cloud    |       |       |       |       |    19 ||    19
  Evoke: Wand              |       |       |       |       |     1 ||     1
    Use: Scroll            |       |       |       |    14 |     3 ||    17
         Potion            |       |       |       |       |     1 ||     1
   Stab: Confused          |       |     2 |     2 |     6 |     1 ||    11
         Distracted        |       |     1 |       |       |       ||     1
 Armour: Robe              |       |     7 |     3 |       |       ||    10
         Steam dragon scal |       |       |    25 |    56 |    81 ||   162
  Dodge: Dodged            |     8 |    31 |    57 |   106 |   131 ||   333

Table legend: (Time is in decaauts)
 A = Elapsed time spent in this place.
 B = Non-inter-level travel time spent in this place.
 C = Inter-level travel time spent in this place.
 D = Time resting spent in this place.
 E = Time spent auto-exploring this place.
 F = Levels seen in this place.
 G = Mean time per level.
                   A        B        C        D        E       F      G
               +--------+--------+--------+--------+--------+-----+--------+
         Total |  22853 |  22014 |    839 |   1669 |  16949 |  18 | 1269.6 |
       Dungeon |  13908 |  13323 |    585 |    559 |  10982 |  12 | 1159.0 |
        Temple |    409 |    395 |     14 |     90 |    260 |   1 |  409.0 |
          Lair |   8535 |   8295 |    240 |   1020 |   5706 |   5 | 1707.0 |
               +--------+--------+--------+--------+--------+-----+--------+

Top non-repeatable levels by time:
  Lair:3: 2214 daAuts
  Lair:4: 1954 daAuts
  Lair:1: 1838 daAuts
     D:5: 1716 daAuts
     D:9: 1519 daAuts
  Lair:2: 1511 daAuts
     D:8: 1501 daAuts
     D:1: 1262 daAuts
     D:6: 1256 daAuts
     D:3: 1170 daAuts
     D:7: 1088 daAuts
     D:2: 1055 daAuts
    D:10: 1026 daAuts
  Lair:5: 1016 daAuts
    D:11: 1005 daAuts
